 Dungeon Crawl Stone Soup version 0.29.1-1-gd02db6906a (webtiles) character file.

Game seed: 11643719408031940774

716 Earthwalker the Slasher (level 7, -2/61 HPs)
             Began as a Minotaur Fighter on Oct 10, 2022.
             Succumbed to a kobold brigand's poison
             ... on level 4 of the Dungeon.
             The game lasted 00:10:40 (4024 turns).

Earthwalker the Slasher (Minotaur Fighter)          Turns: 4024, Time: 00:10:41

Health: -2/61      AC:  7    Str: 26    XL:     7   Next: 41%
Magic:  6/6        EV: 10    Int:  5    God:
Gold:   231        SH:  5    Dex: 12    Spells: 6/6 levels left

rFire   . . .      SeeInvis .   a - +0 long sword
rCold   . . .      Faith    .   c - +0 buckler
rNeg    . . .      Spirit   .   b - +0 scale mail
rPois   .          Reflect  .   (helmet restricted)
rElec   .          Harm     .   (no cloak)
rCorr   .          Rampage  .   (no gloves)
Will    .....                   (no boots)
Stlth   ..........              (no amulet)
HPRegen 0.20/turn               g - +6 ring of strength
MPRegen 0.10/turn               (no ring)

@: lethally poisoned (-2 -> -13)
A: horns 2, retaliatory headbutt
a: no special abilities


You were on level 4 of the Dungeon.
You visited 1 branch of the dungeon, and saw 4 of its levels.

You collected 231 gold pieces.

Inventory:

Hand Weapons
 a - a +0 long sword (weapon)
Missiles
 e - 3 boomerangs of dispersal (quivered)
 w - 5 poisoned darts
Armour
 b - a +0 scale mail (worn)
 c - a +0 buckler (worn)
 r - a +2 cloak of preservation
Jewellery
 g - a +6 ring of strength (left hand)
 n - a ring of magical power
 p - a ring of wizardry
Wands
 k - a wand of polymorph (9)
 o - a wand of flame (21)
Potions
 d - 4 potions of might
 f - 5 potions of flight
 h - a potion of attraction {unknown}
 i - 2 potions of berserk rage
 l - 2 potions of heal wounds {unknown}
 m - a potion of resistance {unknown}
 s - a potion of cancellation {unknown}
 u - a potion of curing {unknown}


   Skills:
 * Level 5.0 Fighting
 * Level 5.8 Long Blades
 * Level 2.2 Throwing
 * Level 5.6 Armour
 * Level 2.2 Dodging
 * Level 1.8 Stealth
 * Level 4.8 Shields


You had 6 spell levels left.
You didn't know any spells.
Your spell library contained the following spells:

 Spells                   Type           Power      Damage    Failure   Level
 Summon Guardian Golem    Hex/Summ       0%         N/A       99%         3
 Orb of Destruction       Conj           0%         9d5       100%        7
 Spellforged Servitor     Conj/Summ      0%         N/A       100%        7


Dungeon Overview and Level Annotations

Branches:
Dungeon (4/15)
 Temple: D:4-7

Altars:
Kikubaaqudgha

Shops:
D:1 [[


Innate Abilities, Weirdness & Mutations

You have a pair of horns on your head.
You reflexively headbutt those who attack you in melee.


Message History

You are more poisoned.
The kobold hits you with a +0 club.
The kobold brigand hits you with a +0 club.
You closely miss the kobold brigand.
The kobold brigand is heavily wounded.
You feel very sick. The kobold brigand barely misses you.
The kobold brigand hits you but does no damage.
The kobold barely misses you.
You slash the kobold brigand! You headbutt the kobold brigand!
You kill the kobold brigand!
* * * LOW HITPOINT WARNING * * *
You feel very sick. The kobold hits you but does no damage.
The kobold brigand hits you with a +1 dagger of venom.
* * * LOW HITPOINT WARNING * * *
You are lethally poisoned!
Your Fighting skill increases to level 5!
You hit the kobold brigand.
The kobold brigand is lightly wounded.
* * * LOW HITPOINT WARNING * * *
You feel extremely sick. The kobold misses you. You furiously retaliate!
You headbutt the kobold!
You kill the kobold!
The kobold brigand hits you but does no damage.
You hit the kobold brigand.
The kobold brigand is moderately wounded.
* * * LOW HITPOINT WARNING * * *
You feel very sick.
The kobold brigand hits you with a +1 dagger of venom.
* * * LOW HITPOINT WARNING * * *
You hit the kobold brigand.
The kobold brigand is moderately wounded.
* * * LOW HITPOINT WARNING * * *
You feel very sick.
The kobold brigand hits you with a +1 dagger of venom.
* * * LOW HITPOINT WARNING * * *
You barely miss the kobold brigand.
The kobold brigand is moderately wounded.
You die...

....>........~~#..##
##...†.).....~~##..#
##.##..#.#.#~~~≈#..#
.....>......~~≈~#..#
##.#.......#~~~≈#..#
.............~~##..#
.............~~#..##
............~##.)#
......#####.. #K@##
.###..# #.. #.)#
#..# #..# #..# ..##
.. #..


You could see a kobold brigand.

Vanquished Creatures
  Sigmund (D:3)
  A phantom (D:3)
  A kobold brigand (D:4)
  Crazy Yiuf (D:2)
  2 orc priests (D:3)
  An iguana (D:4)
  Natasha (thrice) (D:2)
  2 orc wizards (D:3)
  3 gnolls (D:3)
  An adder (D:3)
  An ufetubus (D:4)
  2 worms
  4 dart slugs
  11 orcs
  10 endoplasms
  8 giant cockroaches
  10 goblins
  3 hobgoblins
  4 jackals (D:1)
  11 kobolds
  2 quokkas
  7 ball pythons
  5 bats
  4 frilled lizards
  7 rats
105 creatures vanquished.

Notes
Turn   | Place    | Note
-------+----------+-------------------------------------------
     0 | D:1      | Earthwalker the Minotaur Fighter began the quest for the
                  | Orb.
     0 | D:1      | Reached XP level 1. HP: 19/19 MP: 0/0
    36 | D:1      | Reached XP level 2. HP: 14/27 MP: 1/1
   304 | D:1      | Found a faded altar of an unknown god.
   396 | D:1      | Reached XP level 3. HP: 31/33 MP: 2/2
   563 | D:1      | Found Lemofyru's Antique Armour Shop.
   622 | D:1      | Found Leac's Antique Armour Shop.
  1170 | D:2      | Noticed Natasha
  1180 | D:2      | Killed Natasha
  1298 | D:2      | Noticed Natasha
  1308 | D:2      | Killed Natasha
  1309 | D:2      | Reached skill level 1 in Throwing
  1309 | D:2      | Reached XP level 4. HP: 15/40 MP: 3/3
  1435 | D:2      | Noticed Natasha
  1539 | D:2      | Reached skill level 1 in Dodging
  1574 | D:2      | Found an ancient bone altar of Kikubaaqudgha.
  1645 | D:2      | Killed Natasha
  1956 | D:2      | Found a runed translucent door.
  1957 | D:2      | Noticed Crazy Yiuf
  1965 | D:2      | Killed Crazy Yiuf
  1966 | D:2      | Reached XP level 5. HP: 32/46 MP: 0/4
  2586 | D:3      | Reached skill level 1 in Stealth
  2600 | D:3      | Noticed Sigmund
  3041 | D:3      | Killed Sigmund
  3042 | D:3      | Reached skill level 5 in Long Blades
  3042 | D:3      | Reached skill level 5 in Armour
  3042 | D:3      | Reached XP level 6. HP: 29/53 MP: 5/5
  3529 | D:3      | Reached XP level 7. HP: 60/60 MP: 6/6
  4021 | D:4      | Reached skill level 5 in Fighting
  4023 | D:4      | HP: 2/61 [poisoned by a kobold brigand]
  4024 | D:4      | Succumbed to a kobold brigand's poison

Illustrated notes

Levels and vault maps discovered:
D:1:      minmay_arrival_stair_chambers, layout_basic, serial_shops, shop,
          shop_statue, hellmonk_ecumenical_altar_leap_of_faith,
          minmay_splitting_lines
D:2:      layout_basic, basic_altar, uniq_crazy_yiuf_cottage, uniq_natasha
D:3:      minmay_chambers_of_twos, layout_rooms, uniq_sigmund
D:4:      cheibrodos_thug_alley, layout_basic

Skill      XL: |  1  2  3  4  5  6  7 |
---------------+----------------------+-----
Armour         | 4 5 |  5.6
Shields        | 4 |  4.8
Fighting       | 4 5 |  5.0
Long Blades    | 3 4 5 |  5.8
Throwing       | 1 2 |  2.2
Dodging        | 1 2 |  2.2
Stealth        | 1 |  1.8

Action                   |  1- 3 |  4- 6 |  7- 9 || total
-------------------------+-------+-------+-------++-------
Melee: Long sword        |    90 |   129 |    66 ||   285
       Headbutt          |    14 |    20 |    14 ||    48
  Use: Scroll            |     1 |     4 |     4 ||     9
Armor: Scale mail        |    46 |    33 |    20 ||    99
Dodge: Dodged            |    44 |    50 |    27 ||   121
Block: Buckler           |    21 |    19 |    13 ||    53
